 Dungeon Crawl Stone Soup version 0.29.0-13-gc9e81de378 (webtiles) character file.

Game seed: 6256304362243926312

295 AttackTheMoon the Charlatan (level 6, 0/41 HPs)
             Began as an Octopode Artificer on Sept 9, 2022.
             Slain by a hobgoblin (1 damage)
             ... on level 3 of the Dungeon.
             The game lasted 00:04:44 (2883 turns).

AttackTheMoon the Charlatan (Octopode Artificer)    Turns: 2883, Time: 00:04:46

Health: 0/41       AC:  1    Str: 12    XL:     6   Next: 34%
Magic:  6/6        EV: 14    Int: 13    God:
Gold:   202        SH:  0    Dex: 14    Spells: 5/5 levels left

rFire   . . .      SeeInvis .   e - +4 dagger
rCold   . . .      Faith    +   (no shield)
rNeg    + + .      Spirit   .   (helmet restricted)
rPois   +          Reflect  .   f - amulet "Bontuogh" {Faith Contam rElec rPois rN++}
rElec   +          Harm     .   (no ring)
rCorr   .          Rampage  .   (no ring)
Will    .....                   (no ring)
Stlth   +++.......              (no ring)
HPRegen 0.13/turn               (no ring)
MPRegen 0.10/turn               (no ring)
                                (no ring)
                                (no ring)

@: no status effects
A: almost no armour, amphibious, 8 rings, camouflage 1, gelatinous body 1,
(nimble swimmer 1), tentacles
a: no special abilities


You were on level 3 of the Dungeon.
You visited 1 branch of the dungeon, and saw 3 of its levels.

You collected 202 gold pieces.

Inventory:

Hand Weapons
 a - a +0 club
 e - a +4 dagger (weapon)
 n - a +1 dagger of protection
Missiles
 k - 2 poisoned darts
Jewellery
 f - the amulet "Bontuogh" (around mantle) {Faith Contam rElec rPois rN++}
   (You acquired it on level 1 of the Dungeon)

   [amulet of faith]

   It allows you to gain divine favour quickly.
   rElec:     It insulates you from electricity.
   rPois:     It protects you from poison.
   rN:        It greatly protects you from negative energy.
   Contam:    It causes magical contamination when unequipped.
Wands
 b - a wand of flame (15)
 c - a wand of charming (15)
 d - a wand of iceblast (5) (quivered)
Scrolls
 g - a scroll of identify
 h - 3 scrolls of teleportation
 l - a scroll of vulnerability
Potions
 i - a potion of magic
 j - a potion of invisibility
 m - a potion of ambrosia
 o - a potion of degeneration


   Skills:
 + Level 2.5 Fighting
 + Level 2.2 Short Blades
 + Level 2.0 Throwing
 + Level 3.4 Dodging
 + Level 3.7 Stealth
 + Level 4.4 Evocations


You had 5 spell levels left.
You didn't know any spells.
Your spell library was empty.

Dungeon Overview and Level Annotations

Branches:
Dungeon (3/15)

Altars:
Elyvilon

Shops:
D:3 (


Innate Abilities, Weirdness & Mutations

You cannot wear most types of armour.
You are amphibious.
You can wear up to eight rings at the same time.
Your skin changes colour to match your surroundings (Stealth+).
Your rubbery body absorbs attacks. (AC +1, EV +1)
((You are camouflaged when in or above water. (Stealth+)))
You have tentacles for arms and can constrict up to eight enemies at once.


Message History

The rat misses you.
You hit the iguana. You grab the iguana.
The iguana is moderately wounded.
You constrict the iguana. The rat misses you. The iguana bites you!
You hit the iguana.
The iguana is moderately wounded.
You constrict the iguana, but do no damage.
The rat misses you. The iguana closely misses you.
You hit the iguana but do no damage.
The iguana is moderately wounded.
You constrict the iguana. The rat bites you but does no damage.
The iguana bites you! The hobgoblin misses you.
You are too injured to fight recklessly!
You are too injured to fight recklessly!
You are too injured to fight recklessly!
You are too injured to fight recklessly!
You are too injured to fight recklessly!
You release your grip on the iguana.
The iguana attacks as you move away! The iguana closely misses you.
The rat attacks as you move away! The rat bites you but does no damage.
The iguana attacks as you move away! The iguana misses you.
The rat attacks as you move away! The rat bites you.
The rat attacks as you move away! The rat bites you.
The rat twitches its whiskers.
The rat attacks as you move away! The rat bites you.
You hit the rat.
You kill the rat!
You completely miss the iguana. You grab the iguana. You squeeze the iguana.
The iguana is heavily wounded.
You constrict the iguana, but do no damage.
You hit the iguana but do no damage.
The iguana is heavily wounded.
You constrict the iguana. The iguana closely misses you.
You hit the iguana but do no damage.
The iguana is severely wounded.
You constrict the iguana, but do no damage.
The iguana bites you!
* * * LOW HITPOINT WARNING * * *
The hobgoblin hits you.
You die...

###....####...##
#.#..#.#⌠...⌠#
#.#..#.##...####
#.##.#.##...##8#####
#......##...........
#.#.####.###8...........
.........# ##...........
#######..# ##8###8#.##.
######@## ## ###.#8.
##.....lg# #.##.
.........# #.##.
##.......# #.##.
######..# ..#8.
#####..####+### ..##.
...............# #.
###.###.#......# #. #
#.#......#


You could see an iguana and a hobgoblin.

Vanquished Creatures
  Grinder (D:3)
  2 adders
  A worm (D:3)
  3 dart slugs
  3 ball pythons
  4 endoplasms (D:1)
  A giant cockroach (D:3)
  4 hobgoblins
  3 jackals (D:3)
  7 kobolds
  4 quokkas
  7 bats
  3 frilled lizards
  4 goblins (D:1)
  21 rats
68 creatures vanquished.

Vanquished Creatures (others)
  7 fungi (D:1)
  6 toadstools (D:1)
13 creatures vanquished.

Grand Total: 81 creatures vanquished

Notes
Turn   | Place    | Note
-------+----------+-------------------------------------------
     0 | D:1      | AttackTheMoon the Octopode Artificer began the quest for
                  | the Orb.
     0 | D:1      | Reached XP level 1. HP: 13/13 MP: 1/1
   263 | D:1      | Reached XP level 2. HP: 18/18 MP: 2/2
   435 | D:1      | Found a faded altar of an unknown god.
   612 | D:1      | Reached XP level 3. HP: 23/23 MP: 3/3
  1090 | D:1      | Identified a scroll of acquirement
  1090 | D:1      | Acquired the amulet "Bontuogh" {Faith Contam rElec rPois
                  | rN++}
  1137 | D:2      | Found a white marble altar of Elyvilon.
  1642 | D:2      | Reached skill level 1 in Short Blades
  1887 | D:3      | Found Waerphia's Weapon Shoppe.
  1897 | D:3      | Reached XP level 4. HP: 26/29 MP: 4/4
  1911 | D:3      | Reached skill level 1 in Throwing
  2055 | D:3      | Noticed Grinder
  2073 | D:3      | Killed Grinder
  2074 | D:3      | Reached skill level 4 in Evocations
  2074 | D:3      | Reached XP level 5. HP: 4/35 MP: 5/5
  2074 | D:3      | Reached XP level 6. HP: 5/41 MP: 6/6
  2883 | D:3      | HP: 1/41 [iguana (12)]
  2883 | D:3      | Slain by a hobgoblin

Illustrated notes

Levels and vault maps discovered:
D:1:      dpeg_arrival_ternary, layout_loops_cross,
          ebering_ecumenical_altar_box, minmay_gold_behind_fungi,
          chequers_serial_rivers_micro_d
D:2:      layout_basic, basic_altar, minmay_misc_feat_tower
D:3:      minmay_goblin_kobold_castle, layout_basic, serial_corexii_hall,
          corexii_hall_statues_s, corexii_hall_statues_x,
          chequers_hall_statues_wall_a, chequers_hall_statues_corner_a,
          serial_shops, shop, chequers_jeans, minmay_rat_hole, uniq_grinder

Skill      XL: |  1  2  3  4  5  6 |
---------------+-------------------+-----
Stealth        | 2 3 |  3.7
Short Blades   | 1 2 |  2.2
Throwing       | 1 2 |  2.0
Fighting       | 2 |  2.5
Dodging        | 3 |  3.4
Evocations     | 4 |  4.4

Action                   |  1- 3 |  4- 6 || total
-------------------------+-------+-------++-------
Melee: Dagger            |    67 |    60 ||   127
       Constrict         |    15 |    12 ||    27
       Tentacles         |     8 |     8 ||    16
       Club              |     1 |       ||     1
Throw: Dart              |     1 |     2 ||     3
  Use: Scroll            |    10 |       ||    10
 Stab: Sleeping          |    11 |     7 ||    18
Armor: Skin              |     4 |     6 ||    10
Dodge: Dodged            |    34 |    41 ||    75
